 Dungeon Crawl Stone Soup version 0.23.2 (webtiles) character file.

Game seed: 6665204353452520975

129 myga the Ducker (level 4, -1/24 HPs)
             Began as a Spriggan Abyssal Knight on Apr 3, 2019.
             Was a Believer of Lugonu.
             Slain by a worm (8 damage)
             ... on level 2 of the Dungeon.
             The game lasted 00:09:58 (985 turns).

myga the Ducker (Spriggan Abyssal Knight)            Turns: 985, Time: 00:09:59

Health: -1/24      AC:  2    Str:  9    XL:     4   Next: 88%
Magic:  6/6        EV: 20    Int: 13    God:    Lugonu [**....]
Gold:   73         SH:  0    Dex: 15    Spells: 3/3 levels left

rFire    . . .     SeeInvis +   a - +1 short sword
rCold    . . .     Gourm    .   (shield restricted)
rNeg     . . .     Faith    .   d - +0 robe
rPois    .         Spirit   .   (helmet restricted)
rElec    .         Reflect  .   (no cloak)
rCorr    .         Harm     .   (gloves unavailable)
MR       .....                  (boots unavailable)
Stlth    ++........             (no amulet)
HPRegen  0.08/turn              (no ring)
MPRegen  0.10/turn              (no ring)

@: very quick
A: very small, unfitting armour, see invisible, herbivore, speed 3, slow
metabolism 2
a: Depart the Abyss, Bend Space, Renounce Religion


You were on level 2 of the Dungeon.
You worshipped Lugonu.
Lugonu was pleased with you.
You were not hungry.

You visited 1 branch of the dungeon, and saw 2 of its levels.
You visited the Abyss 1 time.

You collected 73 gold pieces.

Inventory:

Hand Weapons
 a - a +1 short sword (weapon)
 m - a +0 hunting sling
Missiles
 h - 30 stones (quivered)
 i - 10 tomahawks
Armour
 d - a +0 robe (worn)
Scrolls
 b - a scroll of blinking {unknown}
 e - a scroll of amnesia
 g - a scroll of fear {unknown}
 k - a scroll of immolation {unknown}
Potions
 f - a potion of invisibility
 j - a potion of might
Comestibles
 c - 5 rations


   Skills:
 + Level 3.0 Fighting
 + Level 3.6 Short Blades
 + Level 2.1 Slings
 + Level 0.3(1.1) Throwing
 + Level 4.6 Dodging
 + Level 0.8 Stealth
 + Level 2.0 Invocations


You had 3 spell levels left.
You didn't know any spells.
Your spell library was empty.

Dungeon Overview and Level Annotations

Branches:
Dungeon (2/15)

Altars:

Annotations:
D:2 Robin


Innate Abilities, Weirdness & Mutations

You are very small and have problems with some larger weapons.
You are too small for most types of armour.
You have supernaturally acute eyesight. (SInv)
You are a herbivore.
You cover ground extremely quickly.
You need to consume almost no food.


Message History

You kill the hobgoblin!
Lugonu accepts your kill.
You hit the worm.
The worm is lightly wounded.
You hit the worm.
The worm is moderately wounded.
The worm misses you.
You barely miss the worm.
The worm is lightly wounded.
You hit the worm but do no damage.
The worm is lightly wounded.
The worm bites you!
* * * LOW HITPOINT WARNING * * *
Throwing (i - inventory. (/) - cycle)
h - 31 stones (quivered)
Press: ? - help, Shift-Dir - straight line, f/p - worm
Aim: a worm (lightly wounded)
You throw a stone. The stone hits the worm.
The worm is moderately wounded.
The worm bites you!
You die...

# #.#g# #.........##
#.###.#(# #####†##...#
#.....#g# #..+...#
#.g.g# ####...#
#.######## #...#
##........+ .......##
#.........## .......#
#..<......#####.#......#
#?......(.w@...?#......#
#.........##############
#.........# #.........#
###########


You could see a worm.

Vanquished Creatures
  Jessica (D:2)
  3 adders (D:2)
  3 gnolls (D:2)
  A worm (D:2)
  2 dart slugs (D:2)
  2 giant cockroaches (D:1)
  7 goblins
  6 hobgoblins
  3 bats
  2 frilled lizards
  7 kobolds
  5 rats
42 creatures vanquished.

Notes
Turn   | Place    | Note
-------+----------+-------------------------------------------
     0 | Abyss:1  | myga the Spriggan Abyssal Knight began the quest for the
                  | Orb.
     0 | Abyss:1  | Reached XP level 1. HP: 11/11 MP: 3/3
    10 | D:1      | Escaped the Abyss
   212 | D:1      | Reached XP level 2. HP: 15/16 MP: 4/4
   341 | D:1      | Reached skill level 4 in Dodging
   399 | D:1      | Reached ** piety under Lugonu
   625 | D:2      | Reached XP level 3. HP: 14/19 MP: 3/5
   761 | D:2      | Noticed Jessica
   796 | D:2      | Killed Jessica
   796 | D:2      | Reached XP level 4. HP: 10/24 MP: 6/6
   849 | D:2      | Noticed Robin
   900 | D:2      | Reached skill level 1 in Slings
   985 | D:2      | Slain by a worm

Skill      XL: |  1  2  3  4 |
---------------+-------------+-----
Dodging        | 4 |  4.6
Fighting       | 3 |  3.0
Short Blades   | 3 |  3.6
Invocations    | 2 |  2.0
Slings         | 2 |  2.1
Throwing       | |  0.3
Stealth        | |  0.8

Action                   |  1- 3 |  4- 6 || total
-------------------------+-------+-------++-------
Melee: Short sword       |   135 |    35 ||   170
 Fire: Hunting sling     |    12 |    32 ||    44
Throw: Stone             |    23 |     4 ||    27
       Tomahawk          |     1 |       ||     1
Invok: Bend Space        |     4 |     1 ||     5
  Use: Scroll            |     4 |       ||     4
       Potion            |     2 |       ||     2
 Stab: Sleeping          |     1 |       ||     1
Armor: Robe              |     9 |     2 ||    11
Dodge: Dodged            |   127 |    20 ||   147
